 Dungeon Crawl Stone Soup version 0.30-a0-596-g0af90f9a20 (webtiles) character file.

Game seed: 3704737418046034467

71 pokeman the Magician (level 4, -1/25 HPs)
             Began as a Deep Elf Hedge Wizard on Jan 6, 2023.
             Slain by a white imp (4 damage)
             ... on level 3 of the Dungeon.
             The game lasted 00:04:11 (2457 turns).

pokeman the Magician (Deep Elf Hedge Wizard)        Turns: 2457, Time: 00:04:12

Health: -1/25      AC:  2    Str:  7    XL:     4   Next: 5%
Magic:  7/13       EV: 12    Int: 21    God:
Gold:   113        SH:  0    Dex: 14    Spells: 5/13 levels left

rFire   . . .      SeeInvis .    o - +0 rapier (venom)
rCold   . . .      Faith    .    (no shield)
rNeg    . . .      Spirit   .    b - +0 robe
rPois   .          Reflect  .    c - +0 hat
rElec   .          Harm     .    (no cloak)
rCorr   .          Rampage  .    (no gloves)
Will    .....                    (no boots)
Stlth   ++                       (no amulet)
HPRegen 0.24/turn                (no ring)
MPRegen 0.13/turn                (no ring)

@: no status effects
A: no striking features
a: no special abilities


You were on level 3 of the Dungeon.
You visited 1 branch of the dungeon, and saw 3 of its levels.

You collected 113 gold pieces.

Inventory:

Hand Weapons
 o - a +0 rapier of venom (weapon)
Armour
 b - a +0 robe (worn)
 c - a +0 hat (worn)
Scrolls
 a - 2 scrolls of teleportation {unknown}
 f - 3 scrolls of identify {unknown}
 l - a scroll of blinking {unknown}
 n - a scroll of fear {unknown}
Potions
 d - a potion of magic
 e - 5 potions of resistance {unknown}
 g - 2 potions of degeneration {unknown}
 h - 2 potions of haste {unknown}
 j - a potion of attraction {unknown}
 k - 3 potions of curing {unknown}
 m - 2 potions of heal wounds {unknown}


   Skills:
 - Level 1.0 Fighting
 - Level 1.0 Armour
 + Level 2.6 Dodging
 + Level 2.5 Stealth
 * Level 5.4 Spellcasting
 + Level 2.1 Conjurations
 - Level 1.1 Summonings
 - Level 1.1 Translocations


You had 5 spell levels left.
You knew the following spells:

 Your Spells              Type           Power      Damage    Failure   Level
a - Magic Dart            Conj           56%        1d5       4%          1
b - Mephitic Cloud        Conj/Pois/Air  8%         N/A       22%         3
c - Call Imp              Summ           10%        N/A       10%         2
d - Blink                 Tloc           20%        N/A       10%         2

Your spell library contained the following spells:

 Spells                   Type           Power      Damage    Failure   Level
 Slow                     Hex            20%        N/A       11%         1
 Cigotuvi's Dreadful Rot  Necr/Pois/Air  10%        N/A       16%         2
 Ensorcelled Hibernation  Hex/Ice        10%        N/A       16%         2
 Passwall                 Tmut/Erth      4%         N/A       16%         2
 Swiftness                Air            5%         N/A       30%         3


Dungeon Overview and Level Annotations

Branches:
Dungeon (3/15)

Altars:


Message History

The white imp is lightly wounded.
The white imp gestures at you. The puff of frost hits you!
Casting: Magic Dart (safe; 4% risk of failure)
Confirm with . or Enter, or press ? or * to list all spells.
Aiming: Magic Dart (safe; 4% risk of failure)
Press: ? - help, Shift-Dir - straight line, f/p - white imp
Aim: a white imp (lightly wounded, 100% to hit)
The magic dart hits the white imp but does no damage.
The white imp is lightly wounded.
The white imp gestures at you. The puff of frost hits you!
* * * LOW HITPOINT WARNING * * *
Casting: Magic Dart (safe; 4% risk of failure)
Confirm with . or Enter, or press ? or * to list all spells.
Aiming: Magic Dart (safe; 4% risk of failure)
Press: ? - help, Shift-Dir - straight line, f/p - white imp
Aim: a white imp (lightly wounded, 100% to hit)
The magic dart hits the white imp.
The white imp is moderately wounded.
Casting: Magic Dart (safe; 4% risk of failure)
Confirm with . or Enter, or press ? or * to list all spells.
Aiming: Magic Dart (safe; 4% risk of failure)
Press: ? - help, Shift-Dir - straight line, f/p - white imp
Aim: a white imp (moderately wounded, 100% to hit)
The magic dart hits the white imp.
The white imp is heavily wounded.
The white imp hits you but does no damage.
Unknown command.
Casting: Magic Dart (safe; 4% risk of failure)
Confirm with . or Enter, or press ? or * to list all spells.
Aiming: Magic Dart (safe; 4% risk of failure)
Press: ? - help, Shift-Dir - straight line, f/p - white imp
Aim: a white imp (heavily wounded, 100% to hit)
The magic dart hits the white imp but does no damage.
The white imp is heavily wounded.
The white imp hits you.
* * * LOW HITPOINT WARNING * * *
The white imp freezes you.
You die...

#.#.###.#.~ #...
.#.#.....~ #...
..#.###.# #..#
#.#...#.# #..#
#.###.#.. #..##
#.....### ...##
..#........
#...#.(†##.#.###.#
#@5....###.#.# .#
#.##..###..#.# ..
#.######.....# #.
#......†....## #
######.....##
#######


You could see a white imp.

Vanquished Creatures
  An adder (D:3)
  2 worms (D:2)
  4 dart slugs
  3 ball pythons
  6 endoplasms
  3 goblins
  4 hobgoblins
  3 jackals (D:2)
  4 quokkas
  6 bats
  4 frilled lizards
  4 kobolds (D:2)
  A rat (D:2)
45 creatures vanquished.

Vanquished Creatures (others)
  A plant (D:3)
1 creature vanquished.

Grand Total: 46 creatures vanquished

Notes
Turn   | Place    | Note
-------+----------+-------------------------------------------
     0 | D:1      | pokeman the Deep Elf Hedge Wizard began the quest for the
                  | Orb.
     0 | D:1      | Reached XP level 1. HP: 10/10 MP: 7/7
   450 | D:1      | Reached XP level 2. HP: 16/16 MP: 1/9
   975 | D:1      | Reached skill level 5 in Spellcasting
  1151 | D:2      | Found a faded altar of an unknown god.
  1171 | D:2      | Reached XP level 3. HP: 12/20 MP: 11/11
  1179 | D:2      | Learned a level 3 spell: Mephitic Cloud
  1182 | D:2      | Learned a level 2 spell: Call Imp
  1185 | D:2      | Learned a level 2 spell: Blink
  1700 | D:2      | Reached skill level 1 in Fighting
  1809 | D:2      | Reached skill level 1 in Armour
  2393 | D:3      | Reached XP level 4. HP: 25/25 MP: 7/13
  2457 | D:3      | Slain by a white imp

Illustrated notes

Levels and vault maps discovered:
D:1:      psy_arrival_radial02, layout_loops_cross, due_unseen_surprise
D:2:      layout_basic, hellmonk_ecumenical_altar_pennies_from_heaven,
          minmay_misc_feat_more_columns, kennysheep_decorative_pillar,
          grunt_decor_resistance
D:3:      minmay_evil_eye, layout_basic, serial_rivers,
          chequers_serial_rivers_micro_b, chequers_serial_rivers_large_b,
          chequers_serial_rivers_small_a, chequers_serial_rivers_micro_d,
          corexii_shack, minmay_cupped

Skill      XL: |  1  2  3 |
---------------+----------+-----
Spellcasting   | 5 |  5.4
Fighting       | 1 |  1.0
Armour         | 1 |  1.0
Conjurations   | 2 |  2.1
Dodging        | |  2.6
Stealth        | |  2.5
Summonings     | |  1.1
Translocations | |  1.1

Action                   |  1- 3 |  4- 6 || total
-------------------------+-------+-------++-------
Melee: Dagger            |     8 |       ||     8
       Rapier            |     4 |       ||     4
 Fire: Sling             |    35 |       ||    35
 Cast: Magic Dart        |    94 |     7 ||   101
Armor: Robe              |     9 |     1 ||    10
Dodge: Dodged            |    35 |       ||    35

Table legend: (Time is in decaauts)
 A = Elapsed time spent in this place.
 B = Non-inter-level travel time spent in this place.
 C = Inter-level travel time spent in this place.
 D = Time resting spent in this place.
 E = Time spent auto-exploring this place.
 F = Levels seen in this place.
 G = Mean time per level.
                   A        B        C        D        E       F      G
               +--------+--------+--------+--------+--------+-----+--------+
         Total |   2472 |   2444 |     28 |      0 |   2152 |   3 |  824.0 |
       Dungeon |   2472 |   2444 |     28 |      0 |   2152 |   3 |  824.0 |
               +--------+--------+--------+--------+--------+-----+--------+

Top non-repeatable levels by time:
     D:1: 1139 daAuts
     D:2: 1036 daAuts
     D:3: 295 daAuts
